 Dungeon Crawl Stone Soup version 0.29-a0-297-g7659ce593d (webtiles) character file.

Game seed: 389635816317912997

11116 kae the Fighter (level 11, 0/76 HPs)
             Began as a Tengu Fire Elementalist on Mar 20, 2022.
             Was a Follower of Vehumet.
             Slain by Harold
             ... wielding a +0 flail
              (17 damage)
             ... on level 11 of the Dungeon.
             The game lasted 00:13:26 (17772 turns).

kae the Fighter (Tengu Fire Elementalist)          Turns: 17772, Time: 00:13:26

Health: 0/76       AC:  4    Str:  9    XL:     11   Next: 72%
Magic:  28/30      EV: 14    Int: 19    God:    Vehumet [*.....]
Gold:   250        SH:  0    Dex: 15    Spells: 9/22 levels left

rFire   + . .      SeeInvis .   i - +7 club
rCold   . . .      Faith    .   (no shield)
rNeg    . . .      Spirit   .   a - +0 robe
rPois   .          Reflect  .   (helmet restricted)
rElec   .          Harm     .   (no cloak)
rCorr   .          Rampage  .   p - +1 pair of gloves
Will    .....                   (boots unavailable)
Stlth   ++........              w - amulet of the acrobat
HPRegen 0.22/turn               k - ring of protection from fire
MPRegen 0.22/turn               d - ring of magical power

@: flying quickly and evasively, studying Short Blades, quick
A: beak, talons 3, nimble flight
a: Renounce Religion


You were on level 11 of the Dungeon.
You worshipped Vehumet.
Vehumet was aware of your devotion.
You visited 2 branches of the dungeon, and saw 14 of its levels.

You collected 482 gold pieces.
You spent 232 gold pieces at shops.

Inventory:

Hand Weapons
 g - a +0 short sword
 i - a +7 club (weapon)
Armour
 a - a +0 robe (worn)
 p - a +1 pair of gloves (worn)
Jewellery
 d - a ring of magical power (right hand)
 k - a ring of protection from fire (left hand)
 q - a ring of wizardry
 w - an amulet of the acrobat (around neck)
 J - a +4 ring of evasion
Wands
 u - a wand of flame (15)
 y - a wand of paralysis (14)
 B - a wand of digging (4)
 C - a wand of polymorph (12)
Scrolls
 c - 3 scrolls of immolation
 e - 2 scrolls of teleportation
 l - 2 scrolls of holy word
 n - a scroll of summoning
 r - 2 scrolls of fear
 t - a scroll of fog
 v - a scroll of identify
 x - a scroll of magic mapping
 D - 2 scrolls of amnesia
 E - a scroll of enchant weapon
 I - a scroll of enchant armour
Potions
 b - 2 potions of magic
 f - a potion of lignification {unknown}
 h - 2 potions of might
 j - 2 potions of attraction
 m - a potion of cancellation
 o - 2 potions of berserk rage
 s - 5 potions of curing
 A - 2 potions of ambrosia
 H - a potion of invisibility


   Skills:
 - Level 12.2 Fighting
 + Level 0.0 Armour
 + Level 2.1 Dodging
 - Level 2.0 Stealth
 - Level 6.0 Spellcasting
 - Level 10.0 Conjurations
 - Level 11.0 Fire Magic
 + Level 0.0 Evocations


You had 9 spell levels left.
You knew the following spells:

 Your Spells              Type           Power      Damage    Failure   Level
a - Foxfire               Conj/Fire      100%       2x1d9     1%          1
b - Scorch                Fire           94%        2d10      1%          2
c - Conjure Flame         Conj/Fire      45%        6-21      1%          3
d - Inner Flame           Hex/Fire       26%        N/A       3%          3
e - Flame Wave            Conj/Fire      45%        2d10      1%          4

Your spell library contained the following spells:

 Spells                   Type           Power      Damage    Failure   Level
 Shock                    Conj/Air       96%        1d9       1%          1
 Pain                     Necr           20%        1d5       11%         1
 Sting                    Tmut/Pois      20%        1d4       11%         1
 Ensorcelled Hibernation  Hex/Ice        10%        N/A       17%         2
 Poisonous Vapours        Pois/Air       10%        N/A       17%         2
 Sublimation of Blood     Necr           5%         N/A       17%         2
 Wereblood                Tmut           5%         N/A       17%         2
 Spider Form              Tmut/Pois      5%         N/A       32%         3
 Anguish                  Hex/Necr       2%         N/A       73%         4
 Olgreb's Toxic Radiance  Pois           5%         N/A       73%         4
 Agony                    Necr           5%         N/A       97%         5
 Excruciating Wounds      Necr           2%         N/A       97%         5
 Summon Cactus Giant      Summ           2%         N/A       100%        6
 Summon Hydra             Summ           2%         N/A       100%        7


Dungeon Overview and Level Annotations

Branches:
Dungeon (13/15)            Temple (1/1) D:5
   Lair: D:8-11         Orc: D:9-12      Vaults: D:13-14

Altars:
Ashenzari
Cheibriados
Dithmenos
Elyvilon
Fedhas
Gozag
Hepliaklqana
Kikubaaqudgha
Makhleb
Nemelex Xobeh
Okawaru
Qazlal
Ru
Sif Muna
Trog
Uskayaw
Vehumet
Wu Jian
Xom
Yredelemnul
Zin
The Shining One

Shops:
D:2 (   D:9 *   D:12 ?

Portals:
Abyss: D:4

Annotations:
D:4 2 transporters, Leszczynek's ghost, amateur HuGl
D:9 exclusion: hydra, Erolcha
D:11 Harold


Innate Abilities, Weirdness & Mutations

You have a beak for a mouth.
You have claws for feet.
Your magical nature lets you fly swiftly and evasively.


Message History

There is a stone staircase leading up here.
You now have 250 gold pieces (gained 16).
A freezing wraith is nearby!
A freezing wraith is nearby!
A freezing wraith is nearby!
A freezing wraith is nearby!
Casting: Scorch (safe; 1% risk of failure)
Confirm with . or Enter, or press ? or * to list all spells.
You conjure some foxfire!
The foxfire hits the freezing wraith.
The freezing wraith is burned terribly!
The freezing wraith is lightly damaged.
The foxfire hits the freezing wraith but does no damage.
The freezing wraith is lightly damaged.
Casting: Foxfire (safe; 1% risk of failure)
Confirm with . or Enter, or press ? or * to list all spells.
Flames lash the freezing wraith.
The freezing wraith is burned terribly!
The freezing wraith is moderately damaged.
The freezing wraith's fire resistance burns away.
The freezing wraith hits you! The freezing wraith freezes you!
The freezing wraith barely misses you.
Casting: Scorch (safe; 1% risk of failure)
Confirm with . or Enter, or press ? or * to list all spells.
Flames lash the freezing wraith.
The freezing wraith is burned terribly!
The freezing wraith is heavily damaged.
The phantasmal warrior gestures at you.
The phantasmal warrior blinks!
The freezing wraith hits you! The freezing wraith freezes you!!
* * * LOW HITPOINT WARNING * * *
The freezing wraith misses you.
The phantasmal warrior completely misses you.
The freezing wraith completely misses you. x2
There is a stone staircase leading up here.
You fly upwards.
Level annotation: Harold The killer bee stings you.
* * * LOW HITPOINT WARNING * * *
Harold barely misses you. The killer bee stings you.
* * * LOW HITPOINT WARNING * * *
Harold hits you with a +0 flail!
You die...

##################
#.C..@.yy...C.....
#(################
#y# ########## #.#
#........#
#y#######...)....#
#@@.....'........+
#.#######).......#
#.# #.)......#
###(####
#...)....#
#..)...#
#...)....#
#..[...#
#...)....#
#......#
#........#
###)####
########## #.#


You could see Harold, a cyclops, a vampire mosquito and a killer bee.

Vanquished Creatures
  A hydra (D:9)
  2 two-headed ogres
  Pikel (D:6)
  A manticore (D:11)
  2 cyclopes
  A kobold demonologist (D:8)
  A freezing wraith (D:9)
  A komodo dragon (D:12)
  3 trolls
  6 slime creatures
  2 shadows (D:9)
  A wraith (D:12)
  A wyvern (D:9)
  4 yaks
  Eustachio (D:6)
  3 steam dragons
  A vampire mosquito (D:9)
  Menkaure (D:6)
  2 sky beasts
  4 orc warriors
  3 ice beasts
  2 ogres
  2 centaurs
  A lemure (D:7)
  2 kobold brigands
  A phantom (D:4)
  3 bullfrogs
  3 necrophages
  A scorpion (D:5)
  4 killer bees (D:11)
  6 howler monkeys
  2 gnoll shamans
  6 hounds
  2 jellies
  2 orc priests
  Jessica (D:2)
  Ijyb (D:4)
  4 iguanas
  6 orc wizards
  8 gnolls
  8 adders
  2 white imps (D:5)
  2 ufetubi
  3 worms
  A dart slug (D:5)
  26 orcs
  10 bats
  6 endoplasms
  7 giant cockroaches
  5 hobgoblins
  7 jackals
  10 kobolds
  3 quokkas
  6 ball pythons
  7 goblins
  2 rats (D:1)
204 creatures vanquished.

Vanquished Creatures (others)
  A vault guard (D:13)
  477 foxfires
478 creatures vanquished.

Grand Total: 682 creatures vanquished

Notes
Turn   | Place    | Note
-------+----------+-------------------------------------------
     0 | D:1      | kae the Tengu Fire Elementalist began the quest for the
                  | Orb.
     0 | D:1      | Reached XP level 1. HP: 10/10 MP: 4/4
   152 | D:1      | Reached XP level 2. HP: 11/16 MP: 3/6
  1270 | D:2      | Reached XP level 3. HP: 13/20 MP: 3/7
  1443 | D:2      | Reached skill level 1 in Fighting
  1448 | D:2      | Learned a level 2 spell: Scorch
  1452 | D:2      | Learned a level 3 spell: Conjure Flame
  1556 | D:2      | Noticed Jessica
  1562 | D:2      | Killed Jessica
  1563 | D:2      | Reached XP level 4. HP: 25/25 MP: 3/8
  2373 | D:2      | Found Cixkad's Weapon Boutique.
  2921 | D:3      | Found a faded altar of an unknown god.
  2991 | D:3      | Gained mutation: Your magical nature lets you fly swiftly
                  | and evasively. [Tengu growth]
  2991 | D:3      | Reached XP level 5. HP: 30/30 MP: 6/9
  4054 | D:4      | Found a hide-covered altar of Uskayaw.
  4063 | D:4      | Reached skill level 2 in Fighting
  4245 | D:4      | Noticed Ijyb
  4246 | D:4      | Reached skill level 5 in Fire Magic
  4248 | D:4      | Paralysed by Ijyb for 7 turns
  4261 | D:4      | Paralysed by Ijyb for 6 turns
  4462 | D:4      | Noticed a phantom
  4488 | D:4      | Killed a phantom
  4489 | D:4      | Reached XP level 6. HP: 36/36 MP: 3/11
  4743 | D:4      | Learned a level 3 spell: Inner Flame
  4758 | D:4      | Noticed Leszczynek's ghost (amateur HuGl)
  4758 | D:4      | Noticed a small abomination
  4836 | D:4      | Found a one-way gate to the infinite horrors of the Abyss.
  4852 | D:4      | Killed Ijyb
  5156 | D:4      | Found a transporter.
  5159 | D:4      | Found a transporter.
  5477 | D:5      | Entered Level 5 of the Dungeon
  5611 | D:5      | Reached XP level 7. HP: 40/40 MP: 5/13
  5797 | D:5      | Reached skill level 3 in Fighting
  6326 | D:5      | Reached skill level 5 in Conjurations
  6430 | D:5      | Found a staircase to the Ecumenical Temple.
  6494 | D:5      | Reached XP level 8. HP: 47/47 MP: 9/15
  7130 | D:6      | Noticed Eustachio
  7414 | D:6      | Reached skill level 4 in Fighting
  7483 | D:6      | Noticed Menkaure
  7488 | D:6      | Killed Menkaure
  8132 | D:6      | Killed Eustachio
  8133 | D:6      | Reached XP level 9. HP: 51/52 MP: 5/17
  8446 | D:7      | Noticed Pikel
  8566 | D:7      | Noticed a cyclops
  8572 | D:7      | Noticed a troll
  8836 | D:7      | Reached skill level 5 in Spellcasting
  8929 | D:6      | Killed Pikel
  8930 | D:6      | Reached skill level 5 in Fighting
  9027 | D:7      | Killed a cyclops
  9159 | D:7      | Killed a troll
  9741 | D:7      | Reached skill level 10 in Fire Magic
 10349 | D:7      | Learned a level 4 spell: Flame Wave
 10380 | D:8      | Reached skill level 6 in Fighting
 10380 | D:8      | Reached XP level 10. HP: 47/60 MP: 19/19
 10858 | D:8      | Found a glowing silver altar of Zin.
 10858 | D:8      | Noticed an angel
 11338 | Temple   | Entered the Ecumenical Temple
 11498 | Temple   | Became a worshipper of Vehumet
 11667 | D:9      | Noticed a kobold demonologist
 11681 | D:8      | Noticed a soul eater
 11682 | D:8      | Killed a kobold demonologist
 12176 | D:9      | Noticed a two-headed ogre
 12182 | D:9      | Killed a two-headed ogre
 12183 | D:9      | Reached skill level 7 in Fighting
 12726 | D:9      | Noticed Erolcha
 12899 | D:9      | Found Hefamayd's Assorted Antiques.
 12908 | D:9      | Bought a purple potion for 27 gold pieces
 12908 | D:9      | Bought a scroll labelled GOM SOYLOWE for 31 gold pieces
 12908 | D:9      | Bought a scroll of identify for 62 gold pieces
 12979 | D:9      | Reached skill level 10 in Conjurations
 13290 | D:9      | Reached skill level 8 in Fighting
 13680 | D:9      | Noticed a seven-headed hydra
 14418 | D:9      | Killed a seven-headed hydra
 14419 | D:9      | Reached skill level 9 in Fighting
 14419 | D:9      | Reached XP level 11. HP: 71/71 MP: 21/21
 14575 | D:10     | Entered Level 10 of the Dungeon
 14707 | D:10     | You are sucked into a shaft and drop 3 floors!
 15122 | D:13     | Noticed a purple ugly thing
 15150 | D:13     | Reached skill level 10 in Fighting
 15363 | D:13     | Killed a vault guard
 15726 | D:12     | Reached * piety under Vehumet
 15726 | D:12     | Offered knowledge of Shock by Vehumet.
 15750 | D:12     | Found Fanto's Magic Scroll Emporium.
 15760 | D:12     | Bought a scroll of identify for 28 gold pieces
 15760 | D:12     | Bought a scroll of identify for 28 gold pieces
 15760 | D:12     | Bought 2 scrolls of identify for 56 gold pieces
 15775 | D:12     | Noticed a cyclops
 15784 | D:12     | Killed a cyclops
 15952 | D:11     | Reached skill level 11 in Fighting
 16247 | D:11     | Noticed Harold
 16260 | D:11     | Noticed a cyclops
 16551 | D:11     | Noticed a manticore
 16559 | D:11     | Killed a manticore
 16697 | D:11     | HP: 2/75 [Harold/+0 flail (18)]
 16720 | D:12     | Noticed an eight-headed hydra
 16730 | D:12     | Noticed a phantasmal warrior
 16731 | D:12     | Noticed a death knight
 17446 | D:12     | Noticed a two-headed ogre
 17460 | D:12     | Killed a two-headed ogre
 17461 | D:12     | Reached skill level 12 in Fighting
 17772 | D:11     | Slain by Harold

Illustrated notes

Levels and vault maps discovered:
D:1:      co_arrival_square_in_a_square_in_a_square, layout_loops_ring
D:2:      layout_basic, serial_shops, nicolae_shop_hallway_plus, uniq_jessica
D:3:      layout_loops_corners, nicolae_ecumenical_pavilion, minmay_quantized
D:4:      layout_basic, nicolae_uskayaw_murder_on_the_dancefloor,
          gammafunk_ghost_abyssal_escape, uniq_ijyb
D:5:      layout_gridville, minmay_temple_entry_large_hall
D:6:      layout_basic, uniq_menkaure, uniq_eustachio
D:7:      layout_loops_ring, uniq_pikel
D:8:      layout_loops_ring, zin_angel
D:9:      layout_grid_maze, serial_shops, nicolae_shop_overgrown_old_shop,
          kb_rosetta, uniq_erolcha
D:10:     layout_irregular_city, david_orc_3, minivault_5
D:11:     layout_basic, david_lair_generic, uniq_harold
D:12:     layout_roguey, serial_shops, shop, columned_hall_lemuel
D:13:     layout_long_grid, ximxim_vaults_locker_room
Temple:   regret_index_temple_chain_breaker

Skill      XL: |  1  2  3  4  5  6  7  8  9 10 11 |
---------------+----------------------------------+-----
Conjurations   | 2 3 4 5 6 8 10 | 10.0
Fighting       | 1 2 3 4 6 9 12 | 12.2
Fire Magic     | 4 5 6 8 10 11 | 11.0
Spellcasting   | 3 4 5 6 |  6.0
Dodging        | |  2.1
Stealth        | |  2.0

Action                   |  1- 3 |  4- 6 |  7- 9 | 10-12 || total
-------------------------+-------+-------+-------+-------++-------
Melee: Unarmed           |    11 |       |       |       ||    11
       Kick              |     6 |     4 |       |       ||    10
       Peck              |     4 |     1 |       |     2 ||     7
       Short sword       |     5 |       |       |       ||     5
       Club              |       |    17 |       |     5 ||    22
 Cast: Foxfire           |    41 |    85 |    80 |    88 ||   294
       Scorch            |       |    19 |    98 |   143 ||   260
       Inner Flame       |       |     2 |     4 |    10 ||    16
       Conjure Flame     |       |       |     5 |     6 ||    11
Evoke: Wand              |       |       |       |     3 ||     3
  Use: Scroll            |       |    10 |     5 |    14 ||    29
       Potion            |       |       |     2 |       ||     2
 Stab: Sleeping          |       |     1 |       |       ||     1
Armor: Robe              |     7 |    10 |     5 |    22 ||    44
Dodge: Dodged            |    29 |    41 |    77 |   204 ||   351

Table legend: (Time is in decaauts)
 A = Elapsed time spent in this place.
 B = Non-inter-level travel time spent in this place.
 C = Inter-level travel time spent in this place.
 D = Time resting spent in this place.
 E = Time spent auto-exploring this place.
 F = Levels seen in this place.
 G = Mean time per level.
                   A        B        C        D        E       F      G
               +--------+--------+--------+--------+--------+-----+--------+
         Total |  17170 |  16277 |    893 |   3607 |  10387 |  14 | 1226.4 |
       Dungeon |  17012 |  16151 |    861 |   3607 |  10278 |  13 | 1308.6 |
        Temple |    158 |    127 |     31 |      0 |    109 |   1 |  158.0 |
               +--------+--------+--------+--------+--------+-----+--------+

Top non-repeatable levels by time:
     D:9: 2361 daAuts
     D:6: 2088 daAuts
     D:2: 1698 daAuts
     D:8: 1483 daAuts
    D:12: 1422 daAuts
     D:5: 1348 daAuts
     D:7: 1316 daAuts
     D:4: 1306 daAuts
     D:1: 1223 daAuts
     D:3: 1187 daAuts
    D:13: 923 daAuts
    D:11: 647 daAuts
  Temple: 158 daAuts
    D:10: 3 daAuts
